 Seeded DCSS version 0.30.1-9-gdf580d7c3d (webtiles) character file.

Game seed: 5129858224507802926 (custom seed)

297 Psyclone the Destroyer (level 6, -7/32 HPs)
             Began as a Deep Elf Conjurer on Oct 6, 2023.
             Killed by divine providence
             ... invoked by an orc priest
              (9 damage)
             ... on level 4 of the Dungeon.
             The game lasted 00:07:12 (3629 turns).

Psyclone the Destroyer (Deep Elf Conjurer)          Turns: 3629, Time: 00:07:13

Health: -7/32      AC:  2    Str:  4    XL:     6   Next: 12%
Magic:  4/12       EV: 12    Int: 23    God:
Gold:   250        SH:  0    Dex: 13    Spells: 8/11 levels left

rFire   . . .        k - +1 hand axe (drain)
rCold   . . .        (no shield)
rNeg    . . .        a - +0 robe {Will+}
rPois   .            (helmet restricted)
rElec   .            (no cloak)
rCorr   .            (no gloves)
SInv    .            (no boots)
Will    ++...        (no amulet)
Stlth   ++           (no ring)
HPRegen 0.25/turn    (no ring)
MPRegen 0.13/turn

%: no passive effects
@: unable to drink
A: horns 1, dopey 1, strong-willed 1, inability to drink after injury 2
a: no special abilities


You were on level 4 of the Dungeon.
You visited 2 branches of the dungeon, and saw 5 of its levels.

You collected 335 gold pieces.
You spent 85 gold pieces at shops.

Inventory:

Hand Weapons
 k - a +1 hand axe of draining (weapon)
Armour
 a - a +0 robe of willpower (worn)
Scrolls
 c - 2 scrolls of vulnerability {unknown}
 e - 4 scrolls of fear {unknown}
 f - a scroll of magic mapping {unknown}
 g - 3 scrolls of identify {unknown}
 h - 2 scrolls of amnesia {unknown}
Potions
 b - a potion of magic
 d - 2 potions of curing {unknown}
 i - a potion of flight {unknown}
 j - a potion of might {unknown}
 l - a potion of berserk rage {unknown}


   Skills:
 - Level 2.4 Dodging
 - Level 2.4 Stealth
 - Level 3.0 Spellcasting
 + Level 8.2 Conjurations


You had 8 spell levels left.
You knew the following spells:

 Your Spells              Type           Power      Damage    Failure   Level
a - Magic Dart            Conj           100%       1d8       1%          1
b - Searing Ray           Conj           82%        2d7       1%          2

Your spell library contained the following spells:

 Spells                   Type           Power      Damage    Failure   Level
 Dazzling Flash           Conj/Hex       44%        N/A       6%          3
 Fulminant Prism          Conj/Hex       11%        3d9       22%         4
 Iskenderun's Mystic Bla  Conj/Tloc      22%        2d6       22%         4


Dungeon Overview and Level Annotations

Branches:
Dungeon (4/15) Zot: 20428  Temple (1/1) D:4 Zot: 5942

Altars:
Dithmenos
Elyvilon
Hepliaklqana
Ru
Sif Muna
Vehumet
Yredelemnul
Zin

Shops:
D:1 [   D:2 =![(

Annotations:
D:4 Eustachio


Innate Abilities, Weirdness & Mutations

You have a pair of small horns on your head.
You are dopey. (Int -2)
You are strong-willed. (Will+)
You sometimes lose the ability to drink potions when taking damage.


Message History

The searing ray hits Eustachio.
Eustachio is lightly wounded.
An orc priest comes into view. It is wielding a +0 trident.
The river rat bites you!
You feel threatened and lose the ability to drink potions!
The shadow imp hits you.
You take 10 damage, and have 13/32 hp.
MASSIVE DAMAGE!!
You now have 8/12 mp.
The searing ray hits the river rat.
The river rat is almost dead.
The searing ray hits Eustachio!
Eustachio is moderately wounded.
You finish channelling your searing ray.
The river rat closely misses you. The shadow imp hits you.
* * * LOW HITPOINT WARNING * * *
You take 4 damage, and have 9/32 hp.
You now have 7/12 mp.
Casting: Searing Ray (safe; 1% risk of failure)
Confirm with . or Enter, or press ? or * to list all spells.
Aiming: Searing Ray (safe; 1% risk of failure)
Press: ? - help, Shift-Dir - straight line, f/p - Eustachio
Aim: Eustachio, wielding a +0 rapier and wearing a +0 leather armour (moderately wounded, 75% to hit)
The searing ray hits the river rat.
You kill the river rat!
The river rat's corpse disappears in a puff of smoke!
The searing ray hits Eustachio!
Eustachio is heavily wounded. (Press . to maintain the ray.)
The shadow imp barely misses you.
You now have 5/12 mp.
The searing ray hits Eustachio!
Eustachio is almost dead.
The searing ray misses the ufetubus.
Eustachio hits you with a +0 rapier!
* * * LOW HITPOINT WARNING * * *
You take 7 damage, and have 2/32 hp.
MASSIVE DAMAGE!!
You now have 4/12 mp.
The searing ray misses Eustachio.
The searing ray hits the ufetubus.
The ufetubus is heavily wounded.
Eustachio casts a spell.
Eustachio blinks!
The orc priest calls down the wrath of Beogh upon you.
Beogh smites you!
You die...

....#...###...###...#.......#
....##### ##.## #####.......#
...## #.# #..........#
...#### ##.## #..........#
......#####...# #..........#
...##.....#)).# #..........#
#.#####...#.).######.#####.##
#.# #...##[##.ยง#...# .# #.##
###.......@@5## .. #..###
#########5o..# . ##...#####
r5.o... ##.......# ?#..##.
.......<.# ...## #........#
## # ##.......# #########


You could see Eustachio, an iron imp (summoned), an orc priest, a shadow imp
(summoned), an orc, an ufetubus (summoned) and a quokka (summoned).

Vanquished Creatures
  2 orc priests
  An iguana (D:4)
  2 orc wizards
  4 gnolls (D:2)
  2 adders
  A worm (D:2)
  2 dart slugs
  15 orcs
  9 ball pythons
  8 endoplasms
  2 giant cockroaches (D:3)
  10 goblins
  7 hobgoblins
  4 quokkas
  5 bats
  6 frilled lizards
  3 kobolds
  4 rats
87 creatures vanquished.

Notes
Turn   | Place    | Note
-------+----------+-------------------------------------------
     0 | D:1      | Psyclone the Deep Elf Conjurer began the quest for the Orb.
     0 | D:1      | Reached XP level 1. HP: 10/10 MP: 6/6
   240 | D:1      | Reached XP level 2. HP: 15/15 MP: 5/8
   302 | D:1      | Reached skill level 5 in Conjurations
   464 | D:1      | Found Qair's Armour Shoppe.
   656 | D:2      | Learned a level 2 spell: Searing Ray
   782 | D:2      | Found Xoolosaxt's Antique Armour Shop.
   790 | D:2      | Reached XP level 3. HP: 19/19 MP: 5/9
   946 | D:2      | Found Ogoraot's Weapon Shop.
  1066 | D:2      | Reached skill level 6 in Conjurations
  1164 | D:2      | Reached XP level 4. HP: 24/24 MP: 2/10
  1459 | D:2      | Found Tatheism's Distillery.
  1517 | D:2      | Found Zutuxkoi's Jewellery Shop.
  1968 | D:2      | Bought an embroidered robe for 85 gold pieces
  2163 | D:3      | Reached skill level 7 in Conjurations
  2163 | D:3      | Reached XP level 5. HP: 15/28 MP: 3/11
  2447 | D:3      | Gained mutation: You have an increased reservoir of magic.
                  | (+10% MP) [potion of mutation]
  2447 | D:3      | Gained mutation: You occasionally lose the ability to drink
                  | potions when taking damage. [potion of mutation]
  2448 | D:3      | Lost mutation: You occasionally lose the ability to drink
                  | potions when taking damage. [potion of mutation]
  2448 | D:3      | Lost mutation: You have an increased reservoir of magic.
                  | (+10% MP) [potion of mutation]
  2448 | D:3      | Gained mutation: Your flesh is heat resistant. (rF+)
                  | [potion of mutation]
  2448 | D:3      | Gained mutation: You occasionally lose the ability to drink
                  | potions when taking damage. [potion of mutation]
  2448 | D:3      | Gained mutation: You are weak. (Str -2) [potion of
                  | mutation]
  2449 | D:3      | Lost mutation: Your flesh is heat resistant. (rF+) [potion
                  | of mutation]
  2449 | D:3      | Lost mutation: You are weak. (Str -2) [potion of mutation]
  2449 | D:3      | Gained mutation: You have a pair of small horns on your
                  | head. [potion of mutation]
  2449 | D:3      | Gained mutation: You sometimes lose the ability to drink
                  | potions when taking damage. [potion of mutation]
  2449 | D:3      | Gained mutation: You are robust. (+10% HP) [potion of
                  | mutation]
  2449 | D:3      | Gained mutation: You are partially covered in large bone
                  | plates. (SH +4) [potion of mutation]
  2450 | D:3      | Lost mutation: You are partially covered in large bone
                  | plates. (SH +4) [potion of mutation]
  2450 | D:3      | Lost mutation: You have a pair of small horns on your head.
                  | [potion of mutation]
  2450 | D:3      | Gained mutation: You are dopey. (Int -2) [potion of
                  | mutation]
  2450 | D:3      | Lost mutation: You are robust. (+10% HP) [potion of
                  | mutation]
  2450 | D:3      | Gained mutation: You are strong-willed. (Will+) [potion of
                  | mutation]
  2450 | D:3      | Gained mutation: You have a pair of small horns on your
                  | head. [potion of mutation]
  3061 | D:4      | Found a white marble altar of Elyvilon.
  3137 | D:4      | Found a staircase to the Ecumenical Temple.
  3143 | D:4      | Reached skill level 8 in Conjurations
  3143 | D:4      | Reached XP level 6. HP: 32/32 MP: 6/12
  3152 | Temple   | Entered the Ecumenical Temple
  3619 | D:4      | Noticed Eustachio
  3629 | D:4      | Killed from afar by an orc priest

Illustrated notes

Levels and vault maps discovered:
D:1:      saegor_arrival_simple_c, layout_rooms, serial_shops, shop,
          kennysheep_nondescript, minmay_misc_feat_ornament
D:2:      layout_basic, serial_shops, nicolae_shop_tiny_statue_garden,
          nicolae_shop_scrapyard, shop, shop
D:3:      layout_loops_ring
D:4:      layout_rooms, elyvilon_altar_1, minmay_temple_entry_trees,
          uniq_eustachio
Temple:   hellmonk_temple_two_chambers

Skill      XL: |  1  2  3  4  5 |
---------------+----------------+-----
Conjurations   | 5 6 7 8 |  8.2
Dodging        | |  2.4
Stealth        | |  2.4
Spellcasting   | |  3.0

Action                     |  1- 3 |  4- 6 || total
---------------------------+-------+-------++-------
   Cast: Magic Dart        |    62 |    93 ||   155
         Searing Ray       |     4 |     9 ||    13
    Use: Potion            |       |     4 ||     4
 Armour: Robe              |     1 |     1 ||     2
  Dodge: Dodged            |     4 |    16 ||    20
